 Seeded DCSS version 0.28-a0-1286-g6bde065e89 (webtiles) character file.

Game seed: 5027248240086112147 (custom seed)

32 wilfster70 the Caller (level 3, -1/14 HPs)
             Began as a Felid Summoner on Dec 26, 2021.
             Slain by an adder (4 damage)
             ... on level 2 of the Dungeon.
             The game lasted 00:06:34 (1875 turns).

wilfster70 the Caller (Felid Summoner)              Turns: 1875, Time: 00:06:35

Health: -1/14      AC:  1    Str:  4    XL:     3   Next: 10%
Magic:  8/8        EV: 17    Int: 18    God:
Gold:   13         SH:  0    Dex: 16    Spells: 1/7 levels left
                                        Lives:  0   Deaths: 0

rFire   . . .      SeeInvis +   (weapon unavailable)
rCold   . . .      Faith    .   (shield unavailable)
rNeg    . . .      Spirit   .   (armour unavailable)
rPois   .          Reflect  .   (helmet unavailable)
rElec   .          Harm     .   (cloak unavailable)
rCorr   .          Rampage  .   (gloves unavailable)
Will    .....                   (boots unavailable)
Stlth   ++........              a - amulet of magic regeneration
HPRegen 0.04/turn               (no ring)
MPRegen 0.51/turn               (no ring)

@: quick
A: very small, claws 1, fangs 3, see invisible, speed 1, shaggy fur 1, stealthy
paws, no weapons or thrown items, no armour, multi-lived
a: no special abilities


You were on level 2 of the Dungeon.
You visited 1 branch of the dungeon, and saw 2 of its levels.

You collected 13 gold pieces.

Inventory:

Jewellery
 a - an amulet of magic regeneration (around neck)
Scrolls
 d - a scroll of noise {unknown}
Potions
 b - 2 potions of haste {unknown}
 c - a potion of magic {unknown}


   Skills:
 - Level 2.6 Dodging
 - Level 2.6 Stealth
 + Level 2.7 Spellcasting
 + Level 4.5 Summonings


You had one spell level left.
You knew the following spells:

 Your Spells              Type           Power      Damage    Failure   Level
a - Summon Small Mammal   Summ           72%        N/A       2%          1
b - Call Imp              Summ           18%        N/A       3%          2
c - Call Canine Familiar  Summ           18%        N/A       8%          3

Your spell library contained the following spells:

 Spells                   Type           Power      Damage    Failure   Level
 Freeze                   Ice            8%         1d3       17%         1
 Summon Guardian Golem    Hex/Summ       10%        N/A       21%         3
 Frozen Ramparts          Ice            4%         1d2       45%         3
 Summon Lightning Spire   Summ/Air       10%        N/A       54%         4
 Hailstorm                Conj/Ice       2%         3d3       86%         4


Dungeon Overview and Level Annotations

Branches:
Dungeon (2/15)

Altars:


Innate Abilities, Weirdness & Mutations

You have sharp claws.
You have razor-sharp teeth.
You have supernaturally acute eyesight. (SInv)
You cover ground quickly. (Speed+)
You are covered in fur. (AC +1)
Your paws help you pounce on unaware monsters.
You are incapable of wielding weapons or throwing items.
You cannot wear armour.
You gain extra lives every three experience levels.


Message History

Your crimson imp disappears in a puff of smoke!
Your crimson imp blinks!
You see here a +0 rapier.
The adder hisses angrily.
Your crimson imp blinks!
Casting: Call Imp (safe; 3% risk of failure)
Confirm with . or Enter, or press ? or * to list all spells.
A beastly little devil appears in a puff of flame.
Your crimson imp disappears in a puff of smoke!
The adder completely misses you. The adder barely misses you.
The adder closely misses you. The adder completely misses you.
You see here a +0 rapier.
Your crimson imp closely misses the adder.
What are your orders? t - Meow!
Orders for allies: a - Attack new target. r - Retreat! s - Stop attacking. g - Guard the area. f - Follow me.
Anything else - Cancel.
Okay, then.
Casting: Call Imp (safe; 3% risk of failure)
Confirm with . or Enter, or press ? or * to list all spells.
A beastly little devil appears in a puff of flame.
The adder barely misses you. The adder bites you.
The adder completely misses you.
Casting: Call Imp (safe; 3% risk of failure)
Confirm with . or Enter, or press ? or * to list all spells.
A metallic apparition takes form in the air.
Your crimson imp disappears in a puff of smoke!
The adder bites you. The adder closely misses you.
You swap places.
The adder closely misses you.
Your iron imp misses the adder.
The adder bites you.
* * * LOW HITPOINT WARNING * * *
Your iron imp closely misses the adder.
The adder misses you. The adder barely misses you.
Your iron imp misses the adder.
The adder bites you.
You die...

######### ##### #.).....#
##...## #.#####.# ##.###.##
#.#####.###.#####.########*
#...........##5...........*
#.#####............######,*
#.# ####.#.#S#.#.# *,* #.#
#...@..##.# *,* #.#
#########.# *,* ####.# #.#
*,* .....######### ####5#
*,* ###..........#
#....#*****,*
.....#######.#
#.####*,,,,,* ###...# #.#
#.# *,***** #.#.# #.# #.#
*,* #...# #.# #5# *,*


You could see an adder (ally target) and a friendly iron imp (summoned).

Vanquished Creatures
  A frilled lizard (D:1)
  A rat (D:2)
2 creatures vanquished.

Vanquished Creatures (collateral kills)
  A gnoll (D:1)
  A dart slug (D:1)
  5 ball pythons (D:1)
  3 bats
  3 goblins
  2 hobgoblins
  2 frilled lizards (D:1)
  2 kobolds
19 creatures vanquished.

Vanquished Creatures (others)
  A plant (D:1)
1 creature vanquished.

Grand Total: 22 creatures vanquished

Notes
Turn   | Place    | Note
-------+----------+-------------------------------------------
     0 | D:1      | wilfster70 the Felid Summoner began the quest for the Orb.
     0 | D:1      | Reached XP level 1. HP: 7/7 MP: 4/4
   460 | D:1      | Reached XP level 2. HP: 11/11 MP: 6/6
   469 | D:1      | Learned a level 2 spell: Call Imp
  1572 | D:2      | Reached XP level 3. HP: 14/14 MP: 8/8
  1576 | D:2      | Learned a level 3 spell: Call Canine Familiar
  1875 | D:2      | Slain by an adder

Illustrated notes

Levels and vault maps discovered:
D:1:      dpeg_arrival_tiny_d, layout_rooms,
          hangedman_abyss_or_decor_lesser_grid, minmay_shallow_snake_nest
D:2:      layout_loops_ring, chequers_ecumenical_altar_grove,
          chequers_serial_rivers_small_b

Action                   || total
-------------------------++-------
Melee: Unarmed           ||     3
 Cast: Summon Small Mamm ||    17
       Call Imp          ||    16
       Call Canine Famil ||     1
  Use: Scroll            ||     2
Armor: Skin              ||     5
Dodge: Dodged            ||    50

Table legend: (Time is in decaauts)
 A = Elapsed time spent in this place.
 B = Non-inter-level travel time spent in this place.
 C = Inter-level travel time spent in this place.
 D = Time resting spent in this place.
 E = Time spent auto-exploring this place.
 F = Levels seen in this place.
 G = Mean time per level.
                   A        B        C        D        E       F      G
               +--------+--------+--------+--------+--------+-----+--------+
         Total |   1675 |   1593 |     82 |    685 |    329 |   2 |  837.5 |
       Dungeon |   1675 |   1593 |     82 |    685 |    329 |   2 |  837.5 |
               +--------+--------+--------+--------+--------+-----+--------+

Top non-repeatable levels by time:
     D:1: 1338 daAuts
     D:2: 336 daAuts
